 Dungeon Crawl Stone Soup version 0.30-a0-748-ge6a52f7cba (webtiles) character file.

Game seed: 12928789129068334281

31 RapScallion the Magician (level 3, 0/31 HPs)
             Began as a Gnoll Wanderer on Feb 7, 2023.
             Slain by a jackal (2 damage)
             ... on level 1 of the Dungeon on Feb 8, 2023.
             The game lasted 00:01:38 (610 turns).

RapScallion the Magician (Gnoll Wanderer)            Turns: 610, Time: 00:01:38

Health: 0/31       AC:  2    Str:  8    XL:     3   Next: 22%
Magic:  11/11      EV: 11    Int: 12    God:
Gold:   71         SH:  5    Dex: 15    Spells: 16/16 levels left

rFire   . . .      SeeInvis .    a - +0 dagger
rCold   . . .      Faith    .    d - +0 buckler
rNeg    . . .      Spirit   .    c - +0 robe
rPois   .          Reflect  .    (no helmet)
rElec   .          Harm     .    (no cloak)
rCorr   .          Rampage  .    (no gloves)
Will    .....                    (no boots)
Stlth   ++                       (no amulet)
HPRegen 0.25/turn                (no ring)
MPRegen 0.12/turn                (no ring)

@: no status effects
A: fangs 1, strong nose, distributed training
a: no special abilities


You were on level 1 of the Dungeon.
You visited 1 branch of the dungeon, and saw 1 of its levels.

You collected 71 gold pieces.

Inventory:

Hand Weapons
 a - a +0 dagger (weapon)
Armour
 c - a +0 robe (worn)
 d - a +0 buckler (worn)
Scrolls
 b - a scroll of fear
 g - a scroll of magic mapping {unknown}
 h - a scroll of identify {unknown}
Potions
 e - a potion of ambrosia {unknown}
 f - a potion of curing {unknown}


   Skills:
 + Level 4.5 Fighting
 + Level 0.7 Short Blades
 + Level 0.7 Long Blades
 + Level 0.7 Axes
 + Level 0.7 Maces & Flails
 + Level 0.7 Polearms
 + Level 0.7 Staves
 + Level 0.7 Ranged Weapons
 + Level 0.7 Throwing
 + Level 2.6 Armour
 + Level 0.7 Dodging
 + Level 0.7 Stealth
 + Level 4.5 Shields
 + Level 0.7 Unarmed Combat
 + Level 7.1 Spellcasting
 + Level 0.5 Conjurations
 + Level 0.5 Hexes
 + Level 0.5 Summonings
 + Level 0.5 Necromancy
 + Level 0.5 Translocations
 + Level 0.5 Transmutations
 + Level 0.5 Fire Magic
 + Level 0.5 Ice Magic
 + Level 2.1 Air Magic
 + Level 0.5 Earth Magic
 + Level 0.5 Poison Magic
 + Level 0.9 Invocations
 + Level 0.7 Evocations


You had 16 spell levels left.
You didn't know any spells.
Your spell library contained the following spells:

 Spells                   Type           Power      Damage    Failure   Level
 Shock                    Conj/Air       28%        1d4       12%         1
 Beastly Appendage        Tmut           10%        N/A       17%         1
 Necrotise                Necr           20%        1d5       17%         1
 Blink                    Tloc           10%        N/A       26%         2
 Call Imp                 Summ           5%         N/A       26%         2
 Ensorcelled Hibernation  Hex/Ice        10%        N/A       26%         2
 Swiftness                Air            9%         N/A       26%         3
 Vampiric Draining        Necr           5%         2d6       45%         3
 Agony                    Necr           5%         N/A       99%         5


Dungeon Overview and Level Annotations

Branches:
Dungeon (1/15)

Altars:
Cheibriados


Innate Abilities, Weirdness & Mutations

You have very sharp teeth.
Your uncanny sense of smell can sniff out nearby items.
Your experience applies equally to all skills.


Message History

Hit: a) +0 dagger
Press: ? - help, Dir - move target, f/p - jackal
Aim: a jackal (moderately wounded, about 41% to evade your +0 dagger)
You closely miss the jackal.
The jackal is moderately wounded.
The jackal closely misses you. The giant cockroach bites you.
* * * LOW HITPOINT WARNING * * *
The goblin hits you with a +0 club.
* * * LOW HITPOINT WARNING * * *
Hit: a) +0 dagger
Press: ? - help, Dir - move target, f/p - jackal
Aim: a jackal (about 41% to evade your +0 dagger)
You closely miss the jackal. The jackal bites you.
* * * LOW HITPOINT WARNING * * *
The giant cockroach bites you but does no damage.
You block the goblin's attack. The jackal barely misses you.
Hit: a) +0 dagger
Press: ? - help, Dir - move target, f/p - jackal
Aim: a jackal (about 41% to evade your +0 dagger)
You barely miss the jackal. The giant cockroach bites you.
* * * LOW HITPOINT WARNING * * *
The jackal bites you.
* * * LOW HITPOINT WARNING * * *
The goblin hits you with a +0 club.
* * * LOW HITPOINT WARNING * * *
You block the giant cockroach's attack.
Hit: a) +0 dagger
Press: ? - help, Dir - move target, f/p - jackal
Aim: a jackal (about 41% to evade your +0 dagger)
You hit the jackal.
The jackal is severely wounded.
The jackal closely misses you.
The giant cockroach bites you but does no damage.
Hit: a) +0 dagger
Press: ? - help, Dir - move target, f/p - jackal
Aim: a jackal (severely wounded, about 41% to evade your +0 dagger)
You closely miss the jackal.
The jackal is severely wounded.
The jackal bites you.
You die...

#. # . .. #.############
.. .# ##............# ..
.. ................
#.##. ###.##..........
## ... .......#'#####.
.#..##h####.###.#.## #.
....b.)@...........## #.
......gB.....##.#...###.
........................
.#....###.$.......###...
...... #...............
...... #....[....#.....
..... #.#+#####.#...#.
.#### #.#∆ #.#...+.
...######.#...#.


You could see a jackal, a giant cockroach, a goblin and a bat.

Vanquished Creatures
  A gnoll (D:1)
  3 ball pythons (D:1)
  4 bats (D:1)
  4 endoplasms (D:1)
  A hobgoblin (D:1)
  A jackal (D:1)
  A quokka (D:1)
  2 frilled lizards (D:1)
  2 kobolds (D:1)
19 creatures vanquished.

Notes
Turn   | Place    | Note
-------+----------+-------------------------------------------
     0 | D:1      | RapScallion the Gnoll Wanderer began the quest for the Orb.
     0 | D:1      | RapScallion set off with the following items: a +0 dagger,
                  | a scroll of fear, a +0 robe, a +0 buckler; and the
                  | following spells available to memorise: Shock, Beastly
                  | Appendage, Swiftness, Blink, Call Imp, Ensorcelled
                  | Hibernation.
     0 | D:1      | Reached XP level 1. HP: 20/20 MP: 8/8
     4 | D:1      | Found a snail-covered altar of Cheibriados.
   134 | D:1      | Upgraded the game from 0.30-a0-743-gbfdf073431 to
                  | 0.30-a0-748-ge6a52f7cba
   139 | D:1      | Reached XP level 2. HP: 26/26 MP: 10/10
   287 | D:1      | Reached XP level 3. HP: 13/31 MP: 11/11
   608 | D:1      | HP: 1/31 [goblin/+0 club (2)]
   610 | D:1      | Slain by a jackal

Illustrated notes

Levels and vault maps discovered:
D:1:      dpeg_arrival_water_altar, layout_basic, st_stairs_7,
          chequers_serial_rivers_small_b

Skill      XL: |  1 |
---------------+----+-----
Air Magic      | 2 |  2.1
Fighting       | |  4.5
Short Blades   | |  0.7
Long Blades    | |  0.7
Axes           | |  0.7
Maces & Flails | |  0.7
Polearms       | |  0.7
Staves         | |  0.7
Ranged Weapons | |  0.7
Throwing       | |  0.7
Armour         | |  2.6
Dodging        | |  0.7
Stealth        | |  0.7
Shields        | |  4.5
Unarmed Combat | |  0.7
Spellcasting   | |  7.1
Conjurations   | |  0.5
Hexes          | |  0.5
Summonings     | |  0.5
Necromancy     | |  0.5
Translocations | |  0.5
Transmutations | |  0.5
Fire Magic     | |  0.5
Ice Magic      | |  0.5
Earth Magic    | |  0.5
Poison Magic   | |  0.5
Invocations    | |  0.9
Evocations     | |  0.7

Action                     || total
---------------------------++-------
  Melee: Dagger            ||    89
         Bite              ||     8
   Stab: Sleeping          ||     2
 Armour: Robe              ||    16
  Dodge: Dodged            ||    51
  Block: Buckler           ||    39

Table legend: (Time is in decaauts)
 A = Elapsed time spent in this place.
 B = Non-inter-level travel time spent in this place.
 C = Inter-level travel time spent in this place.
 D = Time resting spent in this place.
 E = Time spent auto-exploring this place.
 F = Levels seen in this place.
 G = Mean time per level.
                   A        B        C        D        E       F      G
               +--------+--------+--------+--------+--------+-----+--------+
         Total |    611 |    611 |      0 |      0 |    456 |   1 |  611.0 |
       Dungeon |    611 |    611 |      0 |      0 |    456 |   1 |  611.0 |
               +--------+--------+--------+--------+--------+-----+--------+

Top non-repeatable levels by time:
     D:1: 611 daAuts
